 Dungeon Crawl Stone Soup version 0.31.0-7-gf635a9b802 (webtiles) character file.

Game seed: 14602849203648035896

284 jagang the Trooper (level 6, -3/49 HPs)
             Began as a Human Monk on Jan 23, 2024.
             Killed by divine providence
             ... invoked by an orc priest
              (12 damage)
             ... on level 4 of the Dungeon.
             The game lasted 00:04:28 (2592 turns).

jagang the Trooper (Human Monk)                     Turns: 2592, Time: 00:04:29

Health: -3/49      AC:  9    Str: 12    XL:     6   Next: 29%
Magic:  6/6        EV:  7    Int: 10    God:
Gold:   160        SH:  0    Dex: 17    Spells: 5/5 levels left

rFire   . . .        a - +0 falchion
rCold   . . .        d - orb {light}
rNeg    . . .        f - +0 chain mail
rPois   .            (no helmet)
rElec   .            (no cloak)
rCorr   .            (no gloves)
SInv    .            (no boots)
Will    .....        (no amulet) Stlth
                     (no ring)
HPRegen 0.28/turn    (no ring)
MPRegen 0.10/turn

%: no passive effects
@: lethally poisoned (-3 -> -5), glowing
A: explore regen
a: no special abilities


You were on level 4 of the Dungeon.
You visited 1 branch of the dungeon, and saw 4 of its levels.

You collected 160 gold pieces.

Inventory:

Hand Weapons
 a - a +0 falchion (weapon)
Missiles
 i - 8 poisoned darts (quivered)
 q - a throwing net
Armour
 d - an orb of light (worn)
 f - a +0 chain mail (worn)
 u - a +0 buckler
Jewellery
 r - a ring of see invisible
Wands
 t - a wand of digging (1)
Scrolls
 h - 2 scrolls of identify {unknown}
 j - a scroll of fear {unknown}
 l - a scroll of brand weapon {unknown}
 n - a scroll of poison {unknown}
 o - 3 scrolls of revelation {unknown}
 p - a scroll of teleportation {unknown}
Potions
 b - a potion of magic {unknown}
 c - 3 potions of ambrosia
 e - 3 potions of curing {unknown}
 g - 3 potions of degeneration {unknown}
 k - a potion of lignification {unknown}
 m - 3 potions of mutation {unknown}
 s - a potion of heal wounds {unknown}


   Skills:
 * Level 4.4 Fighting
 * Level 4.3 Long Blades
 + Level 1.5 Throwing
 * Level 3.3 Armour
 - Level 3.0 Dodging
 + Level 0.3 Shields


You had 5 spell levels left.
You didn't know any spells.
Your spell library contained the following spells:

 Spells                   Type           Power      Damage    Failure   Level
 Fugue of the Fallen      Necr           0%         N/A       100%        3
 Ozocubu's Armour         Ice            0%         N/A       100%        3
 Manifold Assault         Tloc           0%         N/A       100%        4


Dungeon Overview and Level Annotations

Branches:
Dungeon (4/15)
 Temple: D:4-7

Altars:
Gozag
Zin


Innate Abilities, Weirdness & Mutations

You regain HP and MP as you explore.


Message History

The scorpion is moderately wounded.
You feel sick.
The orc priest calls down the wrath of Beogh upon you.
Beogh smites you! The scorpion barely misses you.
You hear a shout!
You barely miss the scorpion.
The scorpion is moderately wounded.
You feel sick.
You hear a shout!
The scorpion barely misses you.
You slash the scorpion!
The scorpion is severely wounded.
You feel sick.
The scorpion stings you but does no damage.
The scorpion stings you.
You are more poisoned.
The scorpion poisons you!
You hit the scorpion but do no damage.
The scorpion is severely wounded.
You feel sick. The scorpion stings you.
You hit the scorpion.
The scorpion is almost dead.
You feel sick.
The scorpion stings you but does no damage.
You hit the scorpion.
The scorpion is almost dead.
You feel sick. The scorpion stings you.
* * * LOW HITPOINT WARNING * * *
The scorpion barely misses you.
You hit the scorpion.
You kill the scorpion!
You feel sick.
The orc priest begins to cast a cantrip, but forgets the words!
You hit the orc priest but do no damage.
You feel sick. The orc priest barely misses you.
You hit the orc priest but do no damage.
You feel sick.
The orc priest invokes the aid of Beogh against you.
Beogh smites you!
You die...

#...# #.# ...# #...# #.#
#..#o.# #...# #.# #.#...#
#...# #.# #.##..# #..##
#.# #.##.. ##.## #.#
#.##s# #..####
#.####.##.#
##....###...##.##.####...
####..........@o........
###.###.######.####.. #.#
#... ... #.# ##### ...#
..# ...# ### .... ...##
...#


You could see an orc priest.

Vanquished Creatures
  2 scorpions
  4 gnolls (D:3)
  4 adders
  2 dart slugs
  A ribbon worm (D:2)
  An orc (D:3)
  3 endoplasms
  2 giant cockroaches
  6 goblins
  7 hobgoblins
  11 jackals
  10 kobolds
  5 quokkas
  13 ball pythons
  5 bats
  3 frilled lizards
  4 rats
83 creatures vanquished.

Notes
Turn   | Place    | Note
-------+----------+-------------------------------------------
     0 | D:1      | jagang the Human Monk began the quest for the Orb.
     0 | D:1      | Reached XP level 1. HP: 18/18 MP: 1/1
    87 | D:1      | Reached XP level 2. HP: 20/24 MP: 2/2
   212 | D:1      | Reached skill level 1 in Armour
   270 | D:1      | You fall into a shaft and drop 1 floor!
   343 | D:2      | Reached XP level 3. HP: 27/29 MP: 3/3
   626 | D:2      | Reached XP level 4. HP: 35/37 MP: 4/4
   656 | D:2      | Found a faded altar of an unknown god.
  1680 | D:3      | Found a glowing silver altar of Zin.
  1768 | D:3      | Reached XP level 5. HP: 28/42 MP: 5/5
  1917 | D:3      | Reached skill level 1 in Throwing
  2379 | D:3      | Reached XP level 6. HP: 37/48 MP: 6/6
  2421 | D:3      | Found an opulent altar of Gozag.
  2592 | D:4      | Killed from afar by an orc priest

Illustrated notes

Levels and vault maps discovered:
D:1:      mrwooster_arrival_arrow, layout_basic, serial_bayou_lake_a
D:2:      layout_loops_ring, hellmonk_ecumenical_altar_lost_god
D:3:      layout_loops_ring, pdpol_temple_overflow_zin_treasury_gozag_greed
D:4:      layout_loops_ring, nicolae_elevator_lobby_plus, uniq_ijyb

Skill      XL: |  1  2  3  4  5 |
---------------+----------------+-----
Armour         | 1 2 3 |  3.3
Fighting       | 4 |  4.4
Long Blades    | 4 |  4.3
Throwing       | 1 |  1.5
Dodging        | |  3.0
Shields        | |  0.3

Action                     |  1- 3 |  4- 6 || total
---------------------------+-------+-------++-------
  Melee: Falchion          |    81 |   144 ||   225
 Armour: Robe              |     9 |       ||     9
         Chain mail        |    49 |   119 ||   168
  Dodge: Dodged            |    37 |    54 ||    91
